 Dungeon Crawl Stone Soup version 0.26-a0-690-gcb57259078 (webtiles) character file.

Game seed: 14892566112195369350

146442 ringo67 the Warrior (level 17, -6/196 HPs)
             Began as an Ogre Fighter on Oct 24, 2020.
             Was the Champion of Okawaru.
             Mangled by a six-headed hydra (12 damage)
             ... on level 3 of the Swamp.
             The game lasted 01:29:07 (39989 turns).

ringo67 the Warrior (Ogre Fighter)                 Turns: 39989, Time: 01:29:07

Health: -6/196     AC: 20    Str: 27    XL:     17   Next: 44%
Magic:  19/19      EV: 14    Int: 10    God:    Okawaru [******]
Gold:   3181       SH: 10    Dex: 13    Spells: 18/20 levels left

rFire    . . .     SeeInvis .   i - +8 whip "Snakebite" {curare, rPois}
rCold    . . .     Faith    .   c - +1 kite shield
rNeg     + . .     Spirit   .   I - +4 robe of the Lily {Regen+ Int-3 Dex+4 Stlth+}
rPois    +         Reflect  .   C - +2 hat {Int+3}
rElec    .         Harm     .   N - +2 cloak
rCorr    .         Rampage  .   (gloves unavailable)
MR       ++++.     Clarity  +   (boots unavailable)
Stlth    ++........             R - amulet of the Four Winds {rN+ MR+++ Clar}
HPRegen  0.00/turn              q - +4 ring of protection
MPRegen  0.16/turn              P - +4 ring of protection

@: no status effects
A: large, unfitting armour, low mp 1, inhibited regeneration, tough skin 1
a: Heroism, Finesse, Renounce Religion


You were on level 3 of the Swamp.
You worshipped Okawaru.
Okawaru was exalted by your worship.
You visited 6 branches of the dungeon, and saw 29 of its levels.
You also visited: Gauntlet and Volcano.

You collected 4025 gold pieces.
You spent 844 gold pieces at shops.

Inventory:

Hand Weapons
 i - the +8 whip "Snakebite" (weapon) {curare, rPois}
   (You found it on level 7 of the Dungeon)

   It poisons the flesh of those it strikes.
   It protects you from poison.
 p - the +7 great mace of the Ageing Big Fish {vorpal, rC+ MR+ Stlth+}
   (Okawaru gifted it to you on level 13 of the Dungeon)

   It inflicts extra damage upon your enemies.
   It protects you from cold.
   It affects your resistance to hostile enchantments.
   It makes you more stealthy.
 E - a +0 giant spiked club of freezing
Missiles
 h - 27 javelins
 r - 3 curare-tipped darts
 v - 18 large rocks (quivered)
 w - 31 silver javelins
 Y - 3 throwing nets
Armour
 c - a +1 kite shield (worn)
 o - a +2 robe of resistance
 C - a +2 hat of intelligence (worn)
 I - the +4 robe of the Lily (worn) {Regen+ Int-3 Dex+4 Stlth+}
   (You found it on level 8 of the Dungeon)

   It affects your intelligence (-3).
   It affects your dexterity (+4).
   It increases your rate of regeneration.
   It makes you more stealthy.
 N - a +2 cloak (worn)
Jewellery
 q - a +4 ring of protection (left hand)
 y - an uncursed ring of see invisible
 M - an uncursed ring of poison resistance
 P - a +4 ring of protection (right hand)
 R - the amulet of the Four Winds (around neck) {rN+ MR+++ Clar}
   (You took it off an orc on level 11 of the Dungeon)

   [amulet of nothing]

   It protects you from negative energy.
   It affects your resistance to hostile enchantments.
   It protects you against confusion.
Wands
 a - a wand of acid (12)
 K - a wand of disintegration (71)
 L - a wand of digging (20)
 O - a wand of enslavement (21)
 Q - a wand of polymorph (20)
 U - a wand of paralysis (15)
Scrolls
 f - 9 scrolls of teleportation
 g - 5 scrolls of magic mapping
 l - 7 scrolls of fog
 m - a scroll of silence
 s - 3 scrolls of remove curse
 u - 2 scrolls of enchant weapon
 A - 2 scrolls of holy word
 D - a scroll of immolation
 F - a scroll of enchant armour
 J - 2 scrolls of summoning
 V - 4 scrolls of fear
 W - 6 scrolls of blinking
Potions
 b - 12 potions of curing
 d - 8 potions of might
 e - 7 potions of mutation
 j - 4 potions of cancellation
 n - 7 potions of ambrosia
 t - 6 potions of heal wounds
 x - 4 potions of invisibility
 z - a potion of berserk rage
 B - 4 potions of haste
 G - 2 potions of resistance
 H - a potion of brilliance
 S - a potion of magic
 T - 2 potions of flight
 X - 2 potions of lignification
Miscellaneous
 k - a condenser vane (2/2)


   Skills:
 + Level 18.5 Fighting
 * Level 17.5 Maces & Flails
 - Level 10.0 Throwing
 + Level 12.0 Dodging
 - Level 2.6 Shields
 - Level 2.0 Spellcasting
 - Level 4.0 Translocations
 - Level 6.0 Invocations
 - Level 5.3 Evocations


You had 18 spell levels left.
You knew the following spells:

 Your Spells              Type           Power        Failure   Level
a - Blink                 Tloc           N/A          34%         2

Your spell library contained the following spells:

 Spells                   Type           Power        Failure   Level
 Gell's Gravitas          Tloc           #.........   56%         3
 Lesser Beckoning         Tloc           #.........   56%         3
 Teleport Other           Tloc           #.......     56%         3
 Beastly Appendage        Tmut           #.....       77%         1
 Foxfire                  Conj/Fire      #...         77%         1
 Freeze                   Ice            #...         77%         1
 Magic Dart               Conj           #...         77%         1
 Sandblast                Erth           #.....       77%         1
 Shock                    Conj/Air       #...         77%         1
 Call Imp                 Summ           #.......     88%         2
 Passwall                 Tmut/Erth      #.......     88%         2
 Poisonous Vapours        Pois/Air       #.....       88%         2
 Slow                     Hex            #.......     88%         2
 Wereblood                Tmut           #.......     88%         2
 Passage of Golubria      Tloc           N/A          93%         4
 Confusing Touch          Hex            #.......     98%         3
 Conjure Flame            Conj/Fire      #.......     98%         3
 Frozen Ramparts          Ice            #.....       98%         3
 Inner Flame              Hex/Fire       #.......     98%         3
 Mephitic Cloud           Conj/Pois/Air  #.......     98%         3
 Ozocubu's Armour         Ice            #.......     98%         3
 Spider Form              Tmut/Pois      #.........   98%         3
 Static Discharge         Conj/Air       #.......     98%         3
 Stone Arrow              Conj/Erth      #.....       98%         3
 Hailstorm                Conj/Ice       #.......     100%        4
 Ice Form                 Ice/Tmut       #.......     100%        4
 Leda's Liquefaction      Hex/Erth       #.........   100%        4
 Petrify                  Tmut/Erth      #.......     100%        4
 Sticky Flame             Conj/Fire      #.......     100%        4
 Summon Ice Beast         Ice/Summ       #.......     100%        4
 Blade Hands              Tmut           #.........   100%        5
 Bolt of Magma            Conj/Fire/Erth #.........   100%        5
 Fireball                 Conj/Fire      #.........   100%        5
 Lee's Rapid Deconstruct  Erth           #.........   100%        5
 Metabolic Englaciation   Hex/Ice        #.........   100%        5
 Summon Forest            Summ/Tloc      #.........   100%        5
 Yara's Violent Unravell  Hex/Tmut       #.........   100%        5
 Freezing Cloud           Conj/Ice/Air   #.........   100%        6
 Iron Shot                Conj/Erth      #.........   100%        6
 Statue Form              Tmut/Erth      #........    100%        6
 Shatter                  Erth           #.........   100%        9
 Tornado                  Air            #.........   100%        9


Dungeon Overview and Level Annotations

Branches:
Dungeon (15/15)            Temple (1/1) D:7            Lair (6/6) D:10
  Swamp (4/4) Lair:3        Snake (1/4) Lair:3        Slime (0/5) Lair:6
    Orc (2/2) D:9             Elf (0/3) Orc:2        Vaults (0/5) D:14
 Depths (0/5) D:15        Volcano (visited)         Gauntlet (visited)

Altars:
Ashenzari
Cheibriados
Dithmenos
Elyvilon
Fedhas
Gozag
Hepliaklqana
Kikubaaqudgha
Makhleb
Nemelex Xobeh
Okawaru
Qazlal
Ru
Sif Muna
Trog
Uskayaw
Vehumet
Wu Jian
Xom
Yredelemnul
Zin
The Shining One
Beogh
Jiyva

Shops:
D:8 *   D:10 (   D:14 *   Orc:1 =[[!(   Orc:2 }((=?

Annotations:
Lair:1 exclusion: oklob plant
Lair:6 3 runed translucent doors, Frask's ghost, journeyman DsFi
Swamp:3 1 runed translucent door, TigOlBitties's ghost, adept DEEE


Innate Abilities, Weirdness & Mutations

You are too large for most types of armour.
You have tough skin. (AC +1)
Your magical capacity is low. (-10% MP)
You do not regenerate when monsters are visible.


Message History

Unknown command.
You hit the six-headed hydra.
The six-headed hydra is moderately wounded.
The six-headed hydra bites you!
* * * LOW HITPOINT WARNING * * *
The six-headed hydra bites you!
* * * LOW HITPOINT WARNING * * *
You block the six-headed hydra's attack.
The six-headed hydra closely misses you.
The six-headed hydra completely misses you.
You block the six-headed hydra's attack.
You whack the six-headed hydra!
The six-headed hydra looks as sick as possible!
The six-headed hydra is heavily wounded.
You block the six-headed hydra's attack.
The six-headed hydra bites you but does no damage.
The six-headed hydra bites you!
* * * LOW HITPOINT WARNING * * *
The six-headed hydra bites you!
You die...

♣♣♣ ♣♣♣≈♣♣
♣♣.§≈≈♣♣♣♣♣♣
♣≈§≈≈§≈...≈♣♣♣♣♣♣♣♣♣
♣≈.§......≈♣♣≈♣♣≈..≈
♣♣........♣♣.≈.♣≈≈≈≈
♣.....).♣....≈.♣.≈≈≈
♣.D@÷≈≈..≈.♣♣≈♣♣.≈≈≈
♣♣...÷≈≈≈≈≈.♣♣♣♣.≈≈≈≈
♣≈.≈..≈≈≈≈≈≈♣ ♣≈≈≈≈≈
♣.≈≈..≈≈≈≈≈≈♣ ♣♣.≈≈≈
♣.≈≈.≈..≈≈≈≈♣ ♣†≈≈≈
♣♣......≈..♣♣ ♣♣..≈
♣♣.≈≈.≈≈≈.♣♣♣♣♣♣≈.≈♣
♣.≈≈≈≈≈≈≈≈≈♣..≈♣..♣
♣.≈≈≈.≈≈≈≈♣..≈.....


You could see a six-headed hydra (extremely poisoned).

Vanquished Creatures
  Jorgrun (Orc:1)
  4 thorn hunters
  Gastronok (D:11)
  A storm dragon (D:11)
  An orc warlord (Orc:2)
  A minotaur (Gauntlet)
  A fire dragon (Lair:6)
  A rakshasa (D:14)
  Erolcha (D:11)
  22 hydras
  A vault guard (D:14)
  A catoblepas (Lair:5)
  2 shambling mangroves
  2 boulder beetles
  A ghost crab (Swamp:3)
  A centaur warrior (Volcano)
  11 alligators
  3 two-headed ogres
  A tengu warrior (D:11)
  A death knight (D:15)
  A spriggan berserker (Swamp:4)
  6 orc high priests
  A hell knight (Volcano)
  A thrashing horror (Gauntlet)
  Urug (Lair:4)
  Nergalle (Lair:4)
  A fire crab (shapeshifter) (D:14)
  2 unseen horrors
  A skeletal warrior (D:15)
  2 spriggan druids
  5 swamp dragons
  2 orc knights
  A wolf spider (Lair:6)
  3 cyclopes
  A necromancer (D:15)
  14 ugly things
  7 orc sorcerers
  3 deep elf magi
  2 manticores
  11 elephants
  A guardian serpent (Lair:6)
  2 molten gargoyles (Volcano)
  Joseph (D:7)
  6 centaur zombies
  3 gargoyles
  7 black mambas
  Psyche (D:8)
  2 kobold demonologists (D:12)
  Maggie (D:8)
  28 cane toads
  2 efreet (D:14)
  2 rime drakes
  13 komodo dragons
  2 freezing wraiths (D:15)
  6 trolls
  7 meliai
  A queen bee (Lair:5)
  12 hornets
  Grinder (D:6)
  10 bog bodies
  A wolf spider simulacrum (D:15)
  9 slime creatures
  9 tyrant leeches
  7 blink frogs
  4 small abominations (Gauntlet)
  2 redbacks (Lair:6)
  4 spriggans
  16 wyverns
  6 wraiths
  42 yaks
  6 fire bats (Volcano)
  5 basilisks
  A redback simulacrum (D:15)
  19 vampire mosquitoes
  4 steam dragons
  Grum (D:10)
  9 swamp worms
  12 insubstantial wisps
  3 nagas (Lair:3)
  3 acid dragons
  A soldier ant (D:11)
  3 wargs
  28 water moccasins
  17 swamp drakes
  28 orc warriors
  A black bear (D:8)
  6 ice beasts
  3 phantoms
  4 sky beasts
  12 ogres
  4 necrophages
  9 wolves
  5 boggarts (D:14)
  6 centaurs
  3 big kobolds
  13 bullfrogs
  3 gnoll sergeants
  4 scorpions
  A water moccasin skeleton (D:11)
  34 killer bees
  12 wights
  4 howler monkeys
  4 electric eels (Lair:3)
  A crimson imp (D:11)
  7 lava snakes (Volcano)
  5 bullfrog zombies
  A quasit (D:12)
  Crazy Yiuf (D:7)
  4 bullfrog skeletons
  41 orc priests
  5 hounds
  37 orc wizards
  7 centaur skeletons
  15 iguanas
  Jessica (D:3)
  A gnoll shaman (Orc:1)
  7 worker ants
  Terence (D:3)
  3 hound skeletons
  3 worker ant zombies
  26 gnolls
  11 adders
  5 white imps
  2 ufetubi
  2 oozes
  An adder skeleton (D:6)
  2 adder zombies (D:9)
  3 worms
  4 dart slugs
  3 leopard geckos
  71 orcs
  3 giant cockroaches
  10 goblins
  6 hobgoblins
  8 jackals (D:4)
  6 quokkas
  5 bats
  7 frilled lizards
  A jackal skeleton (D:8)
  17 kobolds
  A leopard gecko skeleton (D:4)
  8 rats
942 creatures vanquished.

Vanquished Creatures (others)
  Sonja (D:11)
  A redback zombie (D:14)
  A spriggan (Swamp:3)
  3 gnolls (D:2)
  A ball python (D:2)
  28 fungi
  102 plants
137 creatures vanquished.

Grand Total: 1079 creatures vanquished

Notes
Turn   | Place    | Note
-------+----------+-------------------------------------------
     0 | D:1      | ringo67 the Ogre Fighter began the quest for the Orb.
     0 | D:1      | Reached XP level 1. HP: 24/24 MP: 1/1
   357 | D:1      | Reached XP level 2. HP: 32/32 MP: 2/2
  1019 | D:2      | Reached skill level 1 in Throwing
  1019 | D:2      | Reached XP level 3. HP: 39/40 MP: 3/3
  1209 | D:2      | Found an ancient bone altar of Kikubaaqudgha.
  1307 | D:2      | Reached XP level 4. HP: 27/49 MP: 4/4
  1555 | D:2      | Found a radiant altar of Vehumet.
  1949 | D:2      | Found a stormy altar of Qazlal.
  1949 | D:2      | Found a glowing golden altar of the Shining One.
  2254 | D:2      | Found a bloodstained altar of Trog.
  2358 | D:3      | Noticed Jessica
  2359 | D:3      | Noticed a centaur
  2370 | D:3      | Killed a centaur
  2370 | D:3      | Reached skill level 5 in Fighting
  2370 | D:3      | Reached XP level 5. HP: 46/57 MP: 5/5
  2373 | D:3      | Killed Jessica
  2508 | D:3      | Reached XP level 6. HP: 52/66 MP: 6/6
  2798 | D:3      | Noticed Terence
  2821 | D:3      | Killed Terence
  3131 | D:3      | Found a shadowy altar of Dithmenos.
  3552 | D:4      | Found a sacrificial altar of Ru.
  3575 | D:4      | Reached XP level 7. HP: 74/74 MP: 7/7
  3800 | D:4      | Noticed a +0 hand axe
  3801 | D:4      | Found a hide-covered altar of Uskayaw.
  3802 | D:4      | Noticed a +0 hand axe
  4060 | D:4      | Found a burning altar of Makhleb.
  4228 | D:5      | Entered Level 5 of the Dungeon
  4254 | D:5      | Reached skill level 6 in Fighting
  4639 | D:5      | Found an opulent altar of Gozag.
  4675 | D:5      | Reached skill level 5 in Maces & Flails
  5149 | D:6      | Reached XP level 8. HP: 41/84 MP: 8/8
  5486 | D:6      | Noticed Grinder
  5511 | D:6      | Killed Grinder
  5770 | D:6      | Reached skill level 7 in Fighting
  5855 | D:6      | You fall into a shaft and drop 2 floors!
  5909 | D:7      | Found a staircase to the Ecumenical Temple.
  5918 | Temple   | Entered the Ecumenical Temple
  5925 | Temple   | Became a worshipper of Warmaster Okawaru
  6094 | D:7      | Noticed Joseph
  6108 | D:7      | Reached skill level 5 in Dodging
  6113 | D:7      | Killed Joseph
  6113 | D:7      | Reached XP level 9. HP: 39/94 MP: 9/9
  6359 | D:7      | Found a runed translucent door.
  6360 | D:7      | Found the +8 whip "Snakebite" {curare, rPois}
  6360 | D:7      | Noticed Crazy Yiuf
  6369 | D:7      | Killed Crazy Yiuf
  6900 | D:6      | Found a glowing silver altar of Zin.
  6963 | D:6      | Reached * piety under Okawaru
  7343 | D:8      | Reached skill level 8 in Fighting
  7343 | D:8      | Reached skill level 5 in Throwing
  7412 | D:8      | Reached skill level 1 in Invocations
  7493 | D:8      | Found Saixt's Serpentskin Sales.
  7856 | D:8      | Got an opalescent robe
  7857 | D:8      | Identified the +4 robe of the Lily {Regen+ Int-3 Dex+4
                  | Stlth+} (You found it on level 8 of the Dungeon)
  7935 | D:8      | Noticed Maggie
  7951 | D:8      | Killed Maggie
  7951 | D:8      | Reached ** piety under Okawaru
  8002 | D:8      | Reached skill level 9 in Fighting
  8075 | D:8      | Noticed Psyche
  8080 | D:8      | Killed Psyche
  8080 | D:8      | Reached XP level 10. HP: 107/107 MP: 12/12
  8240 | D:9      | Found a shimmering altar of Xom.
  8409 | D:9      | Reached *** piety under Okawaru
  8597 | D:9      | Found a staircase to the Orcish Mines.
  8606 | D:9      | Found a roughly hewn altar of Beogh.
  9228 | D:10     | Entered Level 10 of the Dungeon
  9242 | D:10     | Found Carotruv's Weapon Shop.
  9304 | D:10     | Reached skill level 10 in Fighting
  9304 | D:10     | Noticed Grum
  9321 | D:10     | Reached skill level 5 in Invocations
  9339 | D:10     | Reached **** piety under Okawaru
  9344 | D:10     | Killed Grum
  9354 | D:10     | Noticed a gargoyle
  9374 | D:10     | Reached XP level 11. HP: 104/119 MP: 15/15
  9790 | D:10     | Found a staircase to the Lair.
  9843 | D:10     | Reached skill level 10 in Maces & Flails
 10007 | Lair:1   | Entered Level 1 of the Lair of Beasts
 10090 | D:10     | Reached ***** piety under Okawaru
 10090 | D:10     | Reached skill level 11 in Fighting
 10400 | Lair:1   | Noticed a seven-headed hydra
 10422 | Lair:1   | Killed a seven-headed hydra
 10756 | Lair:1   | Noticed an oklob plant
 10936 | Lair:1   | Received a gift from Okawaru
 10993 | Lair:1   | Noticed a fire dragon
 11227 | Lair:2   | Learned a level 2 spell: Blink
 11247 | Lair:2   | Noticed a boulder beetle
 11286 | Lair:2   | Killed a boulder beetle
 11362 | Lair:2   | Reached skill level 12 in Fighting
 11409 | Lair:2   | Reached XP level 12. HP: 126/132 MP: 16/16
 11821 | Lair:3   | Noticed a six-headed hydra
 12003 | Lair:3   | Noticed a five-headed hydra
 12012 | Lair:3   | Killed a five-headed hydra
 12244 | Lair:3   | Reached skill level 13 in Fighting
 12253 | Lair:3   | Found a staircase to the Swamp.
 12408 | Lair:3   | Killed a six-headed hydra
 12585 | Lair:3   | Received a gift from Okawaru
 12862 | Lair:3   | Found a staircase to the Snake Pit.
 12880 | Lair:3   | Received a gift from Okawaru
 13513 | Snake:1  | Entered Level 1 of the Snake Pit
 13685 | Lair:4   | Noticed Nergalle
 13704 | Lair:4   | Killed Nergalle
 13732 | Lair:4   | Reached skill level 1 in Translocations
 13744 | Lair:4   | Reached ****** piety under Okawaru
 13967 | Lair:4   | Noticed Urug
 13987 | Lair:4   | Reached skill level 14 in Fighting
 14012 | Lair:4   | Killed Urug
 14012 | Lair:4   | Reached XP level 13. HP: 126/146 MP: 17/17
 14266 | Lair:5   | Found a dark tunnel.
 14281 | Volcano  | Entered a volcano
 14542 | Volcano  | Received a gift from Okawaru
 14550 | Volcano  | Found a bloodstained altar of Trog.
 14821 | Volcano  | Reached skill level 1 in Spellcasting
 14828 | Volcano  | Received a gift from Okawaru
 16731 | Lair:6   | Entered Level 6 of the Lair of Beasts
 16731 | Lair:6   | Found a viscous altar of Jiyva.
 16731 | Lair:6   | Found a staircase to the Slime Pits.
 16750 | Lair:6   | Noticed Frask's ghost (journeyman DsFi)
 16759 | Lair:6   | Found a runed translucent gate.
 16759 | Lair:6   | Found a runed translucent gate.
 16768 | Lair:6   | Reached skill level 10 in Dodging
 17529 | Lair:6   | Reached skill level 15 in Fighting
 17641 | Lair:6   | Received a gift from Okawaru
 17682 | Lair:6   | Found a runed translucent gate.
 17687 | Lair:6   | Reached XP level 14. HP: 31/159 MP: 16/18
 18127 | Lair:6   | Received a gift from Okawaru
 19866 | Lair:6   | Received a gift from Okawaru
 21047 | Orc:1    | Entered Level 1 of the Orcish Mines
 21372 | Orc:1    | Found Mariom's Armour Boutique.
 21454 | Orc:1    | Found Isamimn's Jewellery Shop.
 21465 | Orc:1    | Found a bloodstained altar of Trog.
 21649 | Orc:1    | Noticed Jorgrun
 21665 | Orc:1    | Killed Jorgrun
 21665 | Orc:1    | Received a gift from Okawaru
 21665 | Orc:1    | Reached skill level 16 in Fighting
 21855 | Orc:1    | Found Utrok's Distillery.
 21924 | Orc:1    | Got an ichor-stained hat {god gift}
 21925 | Orc:1    | Identified the -6 hat of Fashionability {rPois rF+ Int+4
                  | Dex+3} (Okawaru gifted it to you on level 1 of the Orcish
                  | Mines)
 21956 | Orc:1    | Found Bymy's Weapon Boutique.
 22094 | Orc:1    | You fall into a shaft and drop 1 floor!
 22094 | Orc:2    | Entered Level 2 of the Orcish Mines
 22100 | Orc:2    | Found Tettasko's Magic Scroll Emporium.
 22105 | Orc:2    | Found a gate leading to a gauntlet.
 22109 | Orc:2    | Found a staircase to the Elven Halls.
 22114 | Gauntlet | Entered a Gauntlet
 22114 | Gauntlet | Found a transporter.
 22114 | Gauntlet | Found a transporter.
 22114 | Gauntlet | Found a transporter.
 22115 | Gauntlet | Found a transporter.
 22118 | Gauntlet | Found a transporter.
 22137 | Gauntlet | Found a transporter.
 22153 | Gauntlet | Found a transporter.
 22159 | Gauntlet | Found a transporter.
 22167 | Gauntlet | Found a transporter.
 22185 | Gauntlet | Found a transporter.
 22193 | Gauntlet | Found a transporter.
 22213 | Gauntlet | Found a transporter.
 22298 | Gauntlet | Got a sparkling golden ring
 22299 | Gauntlet | Identified the ring of Nacyfeimn {+Inv rC- Int+3 Dex+6
                  | SInv} (You found it in a Gauntlet)
 22368 | Gauntlet | Got a faintly glowing turquoise ring
 22369 | Gauntlet | Identified the ring of Diedgh {*Drain rC+ Str+4 SInv
                  | Stlth+} (You found it in a Gauntlet)
 22459 | Gauntlet | Identified the Grimoire of Flight and the Compass
 22773 | Orc:2    | Found a roughly hewn altar of Beogh.
 22832 | Orc:2    | Gained mutation: Your magical capacity is low. (-10% MP) [a
                  | neqoxec]
 22835 | Orc:2    | Gained mutation: You do not regenerate when monsters are
                  | visible. [a neqoxec]
 22886 | Orc:2    | Reached skill level 15 in Maces & Flails
 22936 | Orc:2    | Found a runed translucent door.
 22948 | Orc:2    | Reached XP level 15. HP: 127/170 MP: 17/17
 23523 | Orc:2    | Found Kyroj's Weapon Shoppe.
 23523 | Orc:2    | Found Diciaq's Jewellery Shoppe.
 23523 | Orc:2    | Found Mudaug's Antique Weapon Emporium.
 23526 | Orc:2    | Found Hebeth's Gadget Emporium.
 23602 | Orc:2    | Bought a scroll of acquirement for 728 gold pieces
 23602 | Orc:2    | Acquired 949 gold pieces
 23929 | Orc:2    | Noticed an orc warlord
 23972 | Orc:2    | Killed an orc warlord
 24114 | Orc:2    | Received a gift from Okawaru
 24169 | Orc:2    | Found a roughly hewn altar of Beogh.
 24678 | Orc:1    | Found Ilecuavi's Antique Armour Shop.
 24899 | D:11     | Noticed Sonja
 24903 | D:11     | Killed Sonja
 24908 | D:11     | Noticed Erolcha
 24921 | D:11     | Killed Erolcha
 24921 | D:11     | Received a gift from Okawaru
 25167 | D:11     | Noticed Gastronok
 25193 | D:11     | Killed Gastronok
 25255 | D:11     | Noticed a storm dragon
 25274 | D:11     | Killed a storm dragon
 25287 | D:11     | Received a gift from Okawaru
 26637 | D:12     | Found a sacrificial altar of Ru.
 26926 | D:12     | Found a blossoming altar of Fedhas.
 27306 | D:12     | You fall into a shaft and drop 1 floor!
 27471 | D:13     | Reached skill level 17 in Fighting
 27524 | D:13     | Got a bloodstained hand crossbow
 27713 | D:13     | Received a gift from Okawaru
 27721 | D:13     | Got an ancient great mace {god gift}
 28081 | D:14     | Found Paxzoy's Assorted Antiques.
 28090 | D:14     | Bought a scroll of identify for 58 gold pieces
 28090 | D:14     | Bought a scroll of identify for 58 gold pieces
 28094 | D:14     | Identified the +7 great mace of the Ageing Big Fish
                  | {vorpal, rC+ MR+ Stlth+} (Okawaru gifted it to you on level
                  | 13 of the Dungeon)
 28095 | D:14     | Identified the cursed +1 hand crossbow of Descent {flame,
                  | Int+4} (You found it on level 13 of the Dungeon)
 28271 | D:14     | Reached skill level 1 in Evocations
 28998 | D:14     | Found a gate to the Vaults.
 29115 | D:15     | Entered Level 15 of the Dungeon
 29175 | D:15     | Reached XP level 16. HP: 120/183 MP: 18/18
 29817 | D:15     | Received a gift from Okawaru
 31164 | D:15     | Found a staircase to the Depths.
 31344 | Swamp:1  | Entered Level 1 of the Swamp
 31382 | Swamp:1  | Got a bloodstained robe
 32481 | Swamp:1  | Received a gift from Okawaru
 33615 | Swamp:2  | Received a gift from Okawaru
 33962 | Swamp:2  | Received a gift from Okawaru
 35204 | Swamp:3  | Noticed a thorn hunter
 35206 | Swamp:3  | Noticed a thorn hunter
 35517 | Swamp:3  | Killed a thorn hunter
 35571 | Swamp:3  | Reached skill level 18 in Fighting
 35856 | Swamp:3  | Killed a thorn hunter
 35921 | Swamp:3  | Found a runed translucent door.
 35924 | Swamp:3  | Found a shimmering altar of Xom.
 35924 | Swamp:3  | Noticed TigOlBitties's ghost (adept DEEE)
 36429 | Swamp:3  | Reached XP level 17. HP: 192/193 MP: 19/19
 36961 | Swamp:4  | Entered Level 4 of the Swamp
 38288 | Swamp:4  | Identified the +2 robe "Byocaom" {Regen+} (You found it on
                  | level 1 of the Swamp)
 38339 | Swamp:4  | Reached skill level 5 in Evocations
 39290 | Swamp:4  | Received a gift from Okawaru
 39930 | Swamp:4  | Reached skill level 10 in Throwing
 39989 | Swamp:3  | HP: 6/196 [six-headed hydra (15)]
 39989 | Swamp:3  | Mangled by a six-headed hydra

Illustrated notes

Levels and vault maps discovered:
D:1:      roderic_crop_circles_arrival_small, layout_basic, minmay_door_square
D:2:      layout_rooms, bloody_trog, grunt_temple_overflow_open,
          fiery_altar_vehumet
D:3:      layout_loops_ring, nicolae_dithmenos_shadow_blocks, uniq_jessica,
          uniq_terence
D:4:      layout_basic, lightli_temple_of_fire, dancing_weapons_uskayaw,
          lemuel_doored_altar, abandoned_shop
D:5:      layout_loops_ring, kennysheep_mini
D:6:      layout_cave_pools, zin_treasury, uniq_grinder
D:7:      layout_basic, minmay_temple_entry_wispy, uniq_joseph,
          uniq_crazy_yiuf_cottage
D:8:      layout_loops_ring, guppyfry_shop_venom, uniq_psyche, uniq_maggie
D:9:      layout_loops_corners, minmay_orc_entry_temple_small, xom_teletrap_fun
D:10:     layout_basic, david_lair_generic, serial_shops, kennysheep_little_box,
          uniq_grum
D:11:     minmay_the_grid_3x3 [minmay_the_grid_minigrid_small_alt,
          minmay_the_grid_eight, minmay_the_grid_gridbox,
          minmay_the_grid_broken_lines, minmay_the_grid_minigrid_small,
          minmay_the_grid_garden, minmay_the_grid_expand,
          minmay_the_grid_small_cups, minmay_the_grid_prize_four_corners],
          layout_basic, minmay_fire_ice_demons, uniq_erolcha, uniq_sonja,
          uniq_gastronok
D:12:     layout_roguey, basic_altar, drop_trap, nicolae_ru_awakened_eye
D:13:     layout_roguey
D:14:     layout_cross, david_vaults_5, chequers_serial_rivers_small_3,
          serial_shops, shop
D:15:     grunt_enter_depths_magical_seal, layout_loops_ring,
          nicolae_benzene_ring
Temple:   minmay_freezing_vapour_temple
Lair:1:   dragon1_lemuel, layout_small_grid, minmay_lair_oklob_items,
          patterned_corridor
Lair:2:   layout_cave_shapes, beast_lair_carwin_1
Lair:3:   layout_regular_city, swamp_mist_pool,
          minmay_snake_entry_guardpost_small, serial_bayou_shore_a
Lair:4:   layout_hall_layers, uniq_nergalle, uniq_urug
Lair:5:   layout_cave_pods, special_room [special_room_bee],
          nicolae_volcano_entry_s_turn, cheibrodos_lair_reptile_den
Lair:6:   guppyfry_lair_end_dragon, layout_hall_layers,
          hangedman_lair_tendril_chambers, slime_altar_1, gammafunk_ghost_icy,
          minivault_26
Swamp:1:  layout_basic_swamp, evilmike_swamp_ruin_house_4
Swamp:2:  layout_basic_swamp, serial_swamp_ruin, evilmike_swamp_ruin_wall,
          evilmike_swamp_ruin_house_6, swamp_pool1
Swamp:3:  layout_basic_swamp, ebering_ghost_xom, nicolae_swamp_dense_foliage,
          swamp_pool3, infiniplex_staircase_pool
Swamp:4:  swamp_basic_johnstein, layout_basic_swamp
Snake:1:  layout_chambers, serial_shops, nicolae_shop_waterfront, st_stairs_4,
          nicolae_snake_lava_pool, lemuel_fruit_tree
Orc:1:    layout_caves, serial_shops, nicolae_shop_waterfront,
          nicolae_shop_statue_plus, shop, shop, shop, trog_butcher_becter,
          uniq_jorgrun
Orc:2:    st_orc_mages, layout_caves, serial_shops, shop, basic_altar,
          gauntlet_entry_generic, nicolae_orc_damp_corner, nicolae_orc_rockfall,
          lightli_church_of_beogh

Skill      XL: |  1  2  3  4  5  6  7  8  9 10 11 12 13 14 15 16 17 |
---------------+----------------------------------------------------+-----
Maces & Flails | 2 3 4 5 6 8 9 11 12 13 15 16 17 | 17.5
Throwing       | 1 2 3 4 5 7 9 10 | 10.0
Dodging        | 3 4 5 6 7 8 9 10 11 12 | 12.0
Fighting       | 5 6 7 9 10 12 14 15 16 17 18 | 18.5
Invocations    | 3 5 6 |  6.0
Translocations | 2 4 |  4.0
Spellcasting   | 2 |  2.0
Evocations     | 1 4 5 |  5.3
Shields        | |  2.6

Action                   |  1- 3 |  4- 6 |  7- 9 | 10-12 | 13-15 | 16-18 || total
-------------------------+-------+-------+-------+-------+-------+-------++-------
Melee: Flail             |   118 |    60 |       |       |       |       ||   178
       Whip              |       |    88 |   119 |   644 |  1888 |   873 ||  3612
       Short sword       |       |    13 |   184 |       |       |       ||   197
       Giant spiked club |       |       |       |       |    12 |       ||    12
       Great mace        |       |       |       |       |    34 |   182 ||   216
Throw: Javelin           |       |     2 |     4 |     3 |    14 |       ||    23
       Dart              |       |       |     3 |       |     8 |       ||    11
       Boomerang         |       |       |       |    26 |     9 |       ||    35
       Large rock        |       |       |       |       |     7 |    11 ||    18
 Cast: Blink             |       |       |       |       |     4 |       ||     4
Invok: Heroism           |       |       |       |       |     1 |       ||     1
       Finesse           |       |       |       |       |     2 |     2 ||     4
Evoke: Wand              |       |       |       |       |     1 |       ||     1
  Use: Scroll            |       |     2 |    14 |    11 |    20 |     1 ||    48
       Potion            |       |       |       |       |     4 |     1 ||     5
 Stab: Sleeping          |       |       |       |     9 |     9 |     4 ||    22
       Distracted        |       |       |       |     1 |       |       ||     1
       Petrified         |       |       |       |       |     4 |       ||     4
       Confused          |       |       |       |       |     1 |     3 ||     4
Armor: Robe              |    49 |    34 |    60 |   141 |   398 |   365 ||  1047
Dodge: Dodged            |    52 |    35 |    71 |   175 |   560 |   488 ||  1381
Block: Kite shield       |    53 |    77 |   157 |   362 |   923 |   364 ||  1936
       Reflection        |       |     4 |     5 |     5 |    21 |       ||    35
       Other             |       |       |       |       |    10 |       ||    10

Table legend: (Time is in decaauts)
 A = Elapsed time spent in this place.
 B = Non-inter-level travel time spent in this place.
 C = Inter-level travel time spent in this place.
 D = Time resting spent in this place.
 E = Time spent auto-exploring this place.
 F = Levels seen in this place.
 G = Mean time per level.
                   A        B        C        D        E       F      G
               +--------+--------+--------+--------+--------+-----+--------+
         Total |  38922 |  37920 |   1002 |  13890 |  15917 |  31 | 1255.5 |
       Dungeon |  16804 |  16205 |    599 |   4053 |   8915 |  15 | 1120.3 |
        Temple |     14 |     14 |      0 |      0 |      0 |   1 |   14.0 |
          Lair |   9863 |   9579 |    284 |   3654 |   3992 |   6 | 1643.8 |
         Swamp |   8479 |   8434 |     45 |   4983 |   2258 |   4 | 2119.8 |
     Snake Pit |      1 |      1 |      0 |      0 |      0 |   1 |    1.0 |
  Orcish Mines |   2872 |   2799 |     73 |    838 |    752 |   2 | 1436.0 |
       Volcano |    570 |    570 |      0 |    316 |      0 |   1 |  570.0 |
      Gauntlet |    315 |    315 |      0 |     46 |      0 |   1 |  315.0 |
               +--------+--------+--------+--------+--------+-----+--------+

Top non-repeatable levels by time:
 Swamp:3: 3745 daAuts
  Lair:6: 2975 daAuts
  Lair:5: 2563 daAuts
 Swamp:2: 2311 daAuts
   Orc:2: 1947 daAuts
    D:15: 1837 daAuts
 Swamp:1: 1754 daAuts
    D:11: 1655 daAuts
  Lair:3: 1543 daAuts
    D:14: 1403 daAuts
     D:2: 1385 daAuts
     D:9: 1291 daAuts
     D:5: 1203 daAuts
     D:3: 1132 daAuts
     D:8: 1015 daAuts
